 Dungeon Crawl Stone Soup version 0.31.0-1-g2c135a0 (webtiles) character file.

Game seed: 4084979420496969449

1568106 ww7 the Worldbinder (level 25, 177/177 HPs)
             Began as a Hill Orc Summoner on Apr 12, 2024.
             Was a Priest of Fedhas.
             Escaped with the Orb
             ... and 3 runes on Apr 13, 2024!
             The game lasted 04:58:48 (70667 turns).

ww7 the Worldbinder (Hill Orc Summoner)            Turns: 70667, Time: 04:58:48

Health: 177/177    AC: 22    Str: 19    XL:     25   Next: 11%
Magic:  37/37      EV: 16    Int: 27    God:    Fedhas [***...]
Gold:   6039       SH: 15    Dex: 11    Spells: 2/42 levels left

rFire   + + .        P - +10 whip "Pynat" {flame, rCorr Int+8}
rCold   + . .        w - +3 buckler of the Marlin {^Contam rPois Regen+ Stlth+}
rNeg    + . .        c - +4 ring mail {rC+}
rPois   +            n - +2 hat of Parlour Games {SInv}
rElec   +            O - +2 cloak {rCorr}
rCorr   +            u - +2 pair of gloves
SInv    +            f - +2 pair of boots
Will    +....        U - amulet of reflection
Stlth   +            j - ring "Aschac" {rF++ EV+5}
HPRegen 1.29/turn    V - ring "Syad" {Wiz rElec rPois rN+}
MPRegen 0.25/turn

%: reflection, wizardry (x1)
@: studying Staves
A: see invisible
0: Orb of Zot
}: 3/15 runes: decaying, serpentine, silver
a: Renounce Religion, Wall of Briars, Grow Ballistomycete


You escaped.
You worshipped Fedhas.
Fedhas was most pleased with you.
You visited 11 branches of the dungeon, and saw 47 of its levels.
You visited 2 bazaars.
You also visited: Trove.

You collected 12496 gold pieces.
You spent 6457 gold pieces at shops.

Inventory:

Hand Weapons
 P - the +10 whip "Pynat" (weapon) {flame, rCorr Int+8}
   (You took it off an ironbound convoker on level 5 of the Vaults)

   Int+8:     It affects your intelligence (+8).
   rCorr:     It protects you from acid and corrosion.
Missiles
 p - 4 throwing nets {!f}
 M - 7 curare-tipped darts (quivered)
Armour
 c - a +4 ring mail of cold resistance (worn)
 f - a +2 pair of boots (worn)
 n - the +2 hat of Parlour Games (worn) {SInv}
   (You bought it in a shop in a bazaar)

   SInv:      It lets you see invisible.
 u - a +2 pair of gloves (worn)
 w - the +3 buckler of the Marlin (worn) {^Contam rPois Regen+ Stlth+}
   (You found it in a treasure trove)

   rPois:     It protects you from poison ^Contam: It causes magical
   contamination when unequipped.
   Regen+:    It increases your rate of health regeneration.
   Stlth+:    It makes you more stealthy.
 O - a +2 cloak of preservation (worn)
 T - a +3 troll leather armour
Jewellery
 j - the ring "Aschac" (left hand) {rF++ EV+5}
   (You bought it in a shop on level 2 of the Depths)

   [ring of evasion]

   EV+5:      It affects your evasion (+5).
   rF++:      It greatly protects you from fire.
 q - a ring of flight
 z - the ring of Desertification {rF+ AC+4}
   (You bought it in a shop in a bazaar)

   [ring of protection]

   AC+4:      It affects your AC (+4).
   rF+:       It protects you from fire.
 U - an amulet of reflection (around neck)
 V - the ring "Syad" (right hand) {Wiz rElec rPois rN+}
   (You took it off a yaktaur captain on level 5 of the Vaults)

   [ring of wizardry]

   Wiz:       It improves your spell success rate.
   rElec:     It insulates you from electricity.
   rPois:     It protects you from poison rN+: It protects you from negative
   energy.
 Y - a ring of protection from cold
Wands
 m - a wand of digging (4)
 s - a wand of paralysis (37)
 v - a wand of mindburst (23)
 y - a wand of light (10)
 I - a wand of roots (19)
 J - a wand of polymorph (43)
Scrolls
 d - 3 scrolls of amnesia
 g - 9 scrolls of vulnerability
 i - 2 scrolls of butterflies
 l - 3 scrolls of fog
 o - a scroll of fear
 r - 2 scrolls of revelation {!r}
 x - 4 scrolls of immolation
 A - 22 scrolls of teleportation
 B - 4 scrolls of poison
 E - 11 scrolls of identify
 K - 2 scrolls of silence
Potions
 a - a potion of haste
 b - a potion of magic
 e - 6 potions of attraction
 h - 5 potions of brilliance
 k - 7 potions of might
 C - a potion of heal wounds {!q}
 F - 10 potions of curing
 G - 5 potions of mutation
 L - 6 potions of enlightenment
 R - 4 potions of invisibility
 Z - 2 potions of lignification
Miscellaneous
 H - a lightning rod (4/4)
 N - a phantom mirror
 Q - a condenser vane
 S - a sack of spiders


   Skills:
 - Level 5.0 Fighting
 - Level 14.0 Polearms
 - Level 6.0 Armour
 - Level 1.5 Dodging
 - Level 1.5 Stealth
 - Level 15.4 Shields
 - Level 9.0 Spellcasting
 - Level 15.1 Conjurations
 - Level 9.2 Hexes
 * Level 22.8 Summonings
 - Level 4.9 Necromancy
 * Level 10.8 Translocations
 - Level 7.2 Air Magic
 + Level 12.5 Earth Magic
 - Level 6.0 Alchemy
 + Level 20.5 Invocations
 - Level 5.0 Evocations


You had 2 spell levels left.
You knew the following spells:

 Your Spells              Type           Power      Damage    Failure   Level
a - Summon Horrible Thin  Summ           47%        N/A       1%          8
b - Bombard               Conj/Erth      36%        9d6       1%          6
c - Lee's Rapid Deconstr  Erth           34%        3d17*     1%          5
d - Spellforged Servitor  Conj/Summ      42%        N/A       1%          7
e - Malign Gateway        Summ/Tloc      40%        N/A       2%          7
o - Yara's Violent Unrav  Hex/Alch       26%        3d11      4%          5
B - Blink                 Tloc           100%       N/A       1%          2

Your spell library contained the following spells:

 Spells                   Type           Power      Damage    Failure   Level
 Magic Dart               Conj           100%       1d8       0%          1
 Summon Small Mammal      Summ           100%       N/A       0%          1
 Call Imp                 Summ           100%       N/A       0%          2
 Foxfire                  Conj/Fire      100%       2x1d9     1%          1
 Sandblast                Erth           100%       2d20      1%          1
 Slow                     Hex            100%       N/A       1%          1
 Cigotuvi's Dreadful Rot  Necr/Alch/Air  88%        N/A       1%          2
 Ensorcelled Hibernation  Hex/Ice        74%        N/A       1%          2
 Jinxbite                 Hex            100%       N/A       1%          2
 Sublimation of Blood     Necr           38%        N/A       1%          2
 Freeze                   Ice            48%        1d6       3%          1
 Scorch                   Fire           24%        2d6       5%          2
 Call Canine Familiar     Summ           94%        N/A       0%          3
 Fugue of the Fallen      Necr           38%        N/A       1%          3
 Hailstorm                Conj/Ice       52%        3d10      1%          3
 Passwall                 Erth           68%        N/A       1%          3
 Sigil of Binding         Hex            58%        N/A       1%          3
 Stone Arrow              Conj/Erth      100%       3d13      1%          3
 Summon Ice Beast         Ice/Summ       65%        N/A       1%          3
 Swiftness                Air            50%        N/A       1%          3
 Tukima's Dance           Hex            58%        N/A       1%          3
 Anguish                  Hex/Necr       25%        N/A       1%          4
 Brom's Barrelling Bould  Conj/Erth      72%        2d9       1%          4
 Cause Fear               Hex            29%        N/A       1%          4
 Flame Wave               Conj/Fire      52%        2d13      1%          4
 Leda's Liquefaction      Alch/Erth      29%        N/A       1%          4
 Manifold Assault         Tloc           63%        N/A       1%          4
 Martyr's Knell           Necr/Summ      72%        N/A       1%          4
 Petrify                  Alch/Erth      58%        N/A       1%          4
 Summon Blazeheart Golem  Fire/Summ      65%        N/A       1%          4
 Summon Lightning Spire   Summ/Air       75%        N/A       1%          4
 Irradiate                Conj/Alch      31%        3d22      1%          5
 Iskenderun's Battlesphe  Conj           76%        2d12      1%          5
 Summon Forest            Summ/Tloc      40%        N/A       1%          5
 Summon Cactus Giant      Summ           47%        N/A       1%          6
 Summon Hydra             Summ           47%        N/A       1%          7
 Dispel Undead            Necr           38%        3d16      4%          4
 Fireball                 Conj/Fire      26%        3d12      4%          5
 Ignite Poison            Fire/Alch      28%        N/A       10%         4
 Sticky Flame             Fire/Alch      28%        2d7       10%         4
 Frozen Ramparts          Ice            24%        1d4       11%         3
 Ozocubu's Armour         Ice            12%        N/A       11%         3
 Metabolic Englaciation   Hex/Ice        18%        N/A       14%         5
 Starburst                Conj/Fire      26%        6d8       24%         6
 Dragon's Call            Summ           47%        N/A       28%         9
 Eringya's Noxious Bog    Alch           22%        4d6       38%         6
 Death Channel            Necr           19%        N/A       52%         6
 Enfeeble                 Hex            29%        N/A       52%         7
 Plasma Beam              Fire/Air       15%        2x1d27    71%         6
 Sculpt Simulacrum        Ice/Alch       14%        N/A       80%         6
 Ignition                 Fire           6%         3d4       100%        8
 Chain Lightning          Conj/Air       32%        3d42      100%        9
 Fire Storm               Conj/Fire      26%        8d7       100%        9
 Shatter                  Erth           34%        3d27*     100%        9


Dungeon Overview and Level Annotations

Branches:
Dungeon (15/15)            Temple (1/1) D:4            Lair (5/5) D:8
  Swamp (4/4) Lair:2        Snake (4/4) Lair:2        Slime (1/5) Lair:4
    Orc (2/2) D:10            Elf (0/3) Orc:2        Vaults (5/5) D:13
  Crypt (1/3) Vaults:2     Depths (4/4) D:15            Zot (5/5) Depths:4

Altars:
Ashenzari
Cheibriados
Dithmenos
Elyvilon
Fedhas
Gozag
Hepliaklqana
Kikubaaqudgha
Makhleb
Nemelex Xobeh
Okawaru
Qazlal
Ru
Sif Muna
Trog
Uskayaw
Vehumet
Wu Jian
Xom
Yredelemnul
Zin
The Shining One
Beogh
Jiyva
Lugonu

Shops:
D:6 (   D:10 (   D:15 [[*   Orc:1 :   Orc:2 ==[!   Snake:2 *   Snake:3 *=([
Vaults:2 !   Depths:1 ?   Depths:2 :(!=*

Portals:
Hell: Depths:1 Depths:2 Depths:3 Depths:4
Abyss: Depths:3 Depths:4
Pandemonium: Depths:2
Ziggurat: Depths:2

Annotations:
D:15 exclusion: statue
Lair:5 2 transporters, exclusion: obsidian statue, login18's ghost, journeyman TrMo
Swamp:2 exclusion: door
Vaults:3 36 runed translucent doors, exclusion: 36 doors
Depths:4 1 runed translucent door


Innate Abilities, Weirdness & Mutations

You have supernaturally acute eyesight. (SInv)


Message History

You climb upwards.
There is a stone staircase leading down here.
(D) Dungeon (T) Temple (L) Lair (S) Swamp (P) Snake Pit (M) Slime Pits (O) Orcish Mines (E) Elven Halls (V) Vaults (C) Crypt (U) Depths (H) Hell (Z) Zot
Where to? (Tab/Enter - D:7 @ (x,y), ? - help)
You climb downwards.
Your spellforged servitor disappears in a puff of smoke!
There is a stone staircase leading up here.
You climb upwards.
There is a stone staircase leading down here.
(D) Dungeon (T) Temple (L) Lair (S) Swamp (P) Snake Pit (M) Slime Pits (O) Orcish Mines (E) Elven Halls (V) Vaults (C) Crypt (U) Depths (H) Hell (Z) Zot
Where to? (Tab/Enter - D:7 @ (x,y), ? - help)
What level of the Dungeon? (default 7, ? - help) Magic restored.
There is a stone staircase leading up here.
You climb upwards.
There is a stone staircase leading down here.
You see here a +0 club.
There is a stone staircase leading up here.
You climb upwards.
There is a stone staircase leading down here.
There is a stone staircase leading up here.
You climb upwards.
There is a stone staircase leading down here.
There is a stone staircase leading up here.
You climb upwards.
There is a stone staircase leading down here.
There is a stone staircase leading up here.
You climb upwards.
There is a stone staircase leading down here. 마력이 전부 회복되었습니다. (37) Unknown command.
An Orb Guardian comes into view.
There is a staircase leading out of the dungeon here.
You have escaped!

#.####...#...............
#########.##.........############
#.........#..#.....#..###########
...######...)##...##.)##.........
....## #....###.###.....########
..X..####.###.#####.###..########
...........###X###.###..#.......#
.....####...###...###...........#
>...## #.)..##.@.##....#.......#
...## #...###...###...#........
..## ##..###.###.###..........#
..# #..###.#####.###.........#
..# ##....###.###............#
..# ###..##...##..##.###.#### ###
#..#.....#..##.# #.##.. ##
##.........#...# #.##.# .#
##.####.###.### #.##.#


You could see an Orb Guardian.

Vanquished Creatures
  An ancient lich (Vaults:4)
  the Lernaean hydra (Swamp:4)
  2 tentacled monstrosities
  Zenata (Vaults:1)
  A lich (Depths:3)
  7 Orb Guardians (Zot:5)
  3 sphinxes
  A titan (Vaults:3)
  A quicksilver dragon (Vaults:5)
  A death cob (Zot:1)
  A storm dragon (Vaults:5)
  An eldritch tentacle (Zot:5)
  A tengu reaver (Depths:3)
  3 nagarajas (Snake:4)
  A revenant (Vaults:2)
  4 vault wardens
  4 fire giants
  An iron dragon (Vaults:5)
  2 orc warlords
  2 ghost moths (Zot:5)
  3 frost giants
  2 very ugly things
  9 ironbound preservers
  4 stone giants
  11 ironbound thunderhulks
  3 eleionomae
  A vampire knight (Depths:3)
  A green draconian (Zot:5)
  A black draconian (Depths:4)
  A spark wasp (Depths:3)
  A deep elf demonologist (Vaults:5)
  A deep elf death mage (Vaults:5)
  A war gargoyle (Vaults:3)
  A white draconian (Zot:5)
  2 dire elephants (Lair:5)
  Azrael (Snake:1)
  A red draconian (Depths:4)
  2 green deaths
  6 yaktaur captains
  2 crystal guardians
  2 ice dragons (Depths:1)
  2 salamander tyrants (Snake:4)
  3 vault guards
  3 peacekeepers
  3 alligators
  15 hydras
  A ghost crab (Swamp:4)
  4 great orbs of eyes
  3 boulder beetles
  3 anacondas
  3 centaur warriors
  4 ironbound frosthearts
  2 tengu warriors
  2 two-headed ogres
  A deep troll shaman (Depths:3)
  7 death yaks (Lair:5)
  A hell hog (Depths:4)
  3 naga sharpshooters
  A deep troll earth mage (Vaults:5)
  7 naga warriors (Snake:4)
  An orc high priest (Vaults:2)
  A spriggan berserker (Depths:3)
  A hell knight (Depths:4)
  4 spriggans
  2 shock serpents
  2 salamander mystics (Snake:4)
  2 skysharks
  A spectral anaconda (Lair:5)
  A storm dragon skeleton (Vaults:1)
  2 mana vipers (Snake:4)
  3 glowing orange brains
  4 lindwurms
  8 ironbound convokers
  8 deep trolls
  4 naga ritualists
  3 phantasmal warriors
  2 swamp dragons (Swamp:4)
  2 arcanists
  A bog body (Swamp:2)
  A necromancer (Lair:5)
  A human zombie (Vaults:1)
  3 orc knights
  5 salamanders
  5 ugly things
  2 moths of wrath (Zot:5)
  7 vault sentinels
  16 black mambas
  A centaur zombie (D:12)
  6 kobold blastminers
  21 elephants (Lair:5)
  11 naga magi
  2 guardian serpents
  A fire giant skeleton (Vaults:1)
  4 yaktaurs
  2 rime drakes
  2 unseen horrors
  5 cane toads
  An efreet (D:14)
  3 komodo dragons
  A troll (shapeshifter) (D:14)
  9 polar bears
  2 tyrant leeches
  A merfolk (Depths:2)
  A wolf spider simulacrum (D:12)
  A spectral elephant (Lair:5)
  4 hornets
  3 blink frogs (Lair:5)
  A frost giant simulacrum (Depths:3)
  8 slime creatures
  A dire elephant simulacrum (Lair:5)
  A shadow (D:11)
  3 centaur simulacra
  4 wyverns
  Eustachio (D:5)
  11 nameless horrors
  2 basilisks
  4 fire elementals (Snake:1)
  2 death yak simulacra (Lair:5)
  A steam dragon (D:6)
  2 wargs (Orc:2)
  37 yaks
  A vampire mosquito (D:11)
  33 nagas
  6 water moccasins
  A swamp worm (Swamp:4)
  A hell hound (Snake:1)
  2 swamp drakes
  2 sky beasts (D:6)
  10 black bears
  26 orc warriors
  An ice beast (Vaults:2)
  An elephant zombie (Lair:5)
  7 centaurs
  An elephant skeleton (Lair:5)
  8 wolves
  6 ogres (Orc:2)
  2 phantoms (D:5)
  A kobold brigand (D:8)
  4 bullfrogs
  4 scorpions
  6 wights (D:8)
  2 killer bees (D:10)
  A howler monkey (D:12)
  2 electric eels (D:14)
  Crazy Yiuf (D:3)
  5 hounds
  2 jellies
  A bombardier beetle (D:6)
  6 orc priests
  A sleepcap (D:5)
  3 iguanas
  10 orc wizards
  5 adders
  A dart slug (D:2)
  A ribbon worm (D:5)
  36 orcs
  6 ball pythons
  2 bats (D:2)
  3 endoplasms
  3 giant cockroaches
  3 goblins
  8 hobgoblins
  5 jackals
  17 kobolds
  3 quokkas
  9 ballistomycete spores
673 creatures vanquished.

Vanquished Creatures (collateral kills)
  3 dread liches
  7 ancient liches
  4 orbs of fire (Zot:5)
  Josephina (Depths:3)
  2 Killer Klowns (Zot:5)
  2 caustic shrikes (Depths:3)
  7 golden dragons
  2 electric golems (Zot:5)
  10 tentacled monstrosities
  A walking crystal tome (Depths:3)
  4 liches
  15 Orb Guardians
  A Hell Sentinel (Depths:1)
  Asterion (Snake:3)
  7 titans
  A walking frostbound tome (Depths:4)
  2 quicksilver dragons
  5 death cobs
  A sphinx (Vaults:3)
  Kirke (D:15)
  6 shadow dragons
  7 tengu reavers
  10 storm dragons
  A draconian monk (Zot:5)
  A draconian knight (Depths:4)
  3 deep elf sorcerers
  2 protean progenitors (Zot:1)
  2 fenstrider witches
  2 frost giants
  2 iron dragons (Vaults:5)
  4 fire giants
  A deep elf elementalist (Depths:2)
  3 draconian scorchers
  A ghost moth (Zot:2)
  An orc warlord (Vaults:2)
  A draconian shifter (Zot:3)
  6 vault wardens
  5 ironbound preservers
  8 stone giants
  2 ironbound thunderhulks
  A vampire knight (Depths:1)
  3 white draconians
  A formless jellyfish (Vaults:1)
  An elemental wellspring (Depths:2)
  5 yellow draconians
  A deep elf demonologist (Vaults:5)
  20 very ugly things
  3 eleionomae
  4 purple draconians
  4 black draconians
  3 green draconians
  5 red draconians
  5 bunyips
  A war gargoyle (Vaults:5)
  3 spark wasps (Depths:3)
  A blizzard demon (Depths:4)
  An eidolon (Vaults:2)
  12 ettins
  8 fire dragons
  4 entropy weavers
  2 deep elf high priests
  The ghost of flinslave4 the Slicer, a journeyman MiFi (D:12)
  3 great orbs of eyes
  12 yaktaur captains
  3 rakshasas
  7 ice dragons
  11 hydras
  36 vault guards
  2 ghost crabs (Swamp:2)
  2 spriggan air magi (Depths:3)
  4 ironbound frosthearts
  An ogre mage (D:15)
  4 two-headed ogres
  5 salamander tyrants
  14 alligators
  A catoblepas (D:14)
  3 peacekeepers
  A death knight (D:14)
  A merfolk aquamancer (Depths:2)
  4 anacondas
  4 boulder beetles
  4 centaur warriors
  5 tengu warriors
  A vampire mage (Vaults:2)
  3 occultists (Depths:3)
  4 deep troll shamans
  2 naga warriors
  8 deep troll earth magi
  5 naga sharpshooters
  A shock serpent (shapeshifter) (Vaults:5)
  3 spriggan berserkers (Depths:4)
  A shock serpent (Snake:3)
  2 hell hogs (Depths:4)
  11 spriggans
  7 hell knights
  A sun demon (Depths:2)
  2 goliath frogs
  A spectral death yak (Lair:5)
  2 shadow wraiths (Vaults:5)
  3 iron trolls
  A skyshark (Lair:5)
  5 salamander mystics
  4 skeletal warriors
  2 glowing orange brains
  2 spriggan druids (Swamp:3)
  8 mana vipers
  A deep troll (shapeshifter) (Vaults:5)
  24 deep trolls
  A flayed ghost (Vaults:5)
  A naga ritualist (Snake:3)
  2 bog bodies
  A shadow demon (Depths:2)
  4 arcanists
  9 ironbound convokers
  4 phantasmal warriors (Vaults:5)
  5 lindwurms
  5 swamp dragons
  An orb spider (shapeshifter) (Vaults:5)
  6 necromancers
  26 ugly things
  2 deep elf pyromancers
  11 salamanders
  A will-o-the-wisp (Swamp:2)
  A cyclops (D:14)
  7 moths of wrath
  11 orc knights
  An orc sorcerer (Orc:1)
  A stone giant skeleton (Vaults:1)
  5 elephants (Lair:5)
  A centaur zombie (D:12)
  A smoke demon (Depths:2)
  23 black mambas
  4 water nymphs (Depths:2)
  3 kobold blastminers
  A guardian serpent (Snake:3)
  A torpor snail (shapeshifter) (Depths:2)
  7 cane toads
  5 naga magi
  A gargoyle (D:13)
  An unseen horror (D:12)
  9 vault sentinels
  A hellion (D:8)
  A large abomination (Depths:4)
  An efreet (D:13)
  A dryad (Depths:2)
  A dire elephant skeleton (Lair:5)
  5 komodo dragons
  4 tengu conjurers
  14 yaktaurs
  A golden dragon simulacrum (Depths:3)
  A bloated husk (Swamp:4)
  A merfolk (Depths:2)
  A polar bear (shapeshifter) (D:15)
  7 trolls
  5 tyrant leeches
  9 hornets
  A glass eye (Depths:4)
  4 blink frogs (Lair:2)
  A slime creature (shapeshifter) (Vaults:5)
  A jumping spider (Vaults:1)
  19 slime creatures
  3 fire giant simulacra
  2 wraiths
  3 centaur simulacra
  2 water elementals
  30 yaks
  A warg (Vaults:5)
  A wyvern (D:9)
  3 redbacks
  24 vampire mosquitoes
  An acid dragon (D:12)
  25 nagas
  3 swamp worms
  A naga (shapeshifter) (D:13)
  4 water moccasins
  A spectral hornet (D:12)
  9 swamp drakes
  26 orc warriors
  2 laughing skulls (D:15)
  2 black bears
  7 ogres
  3 centaurs
  5 wolves
  2 elephant skeletons (Lair:5)
  A kobold brigand (D:8)
  A phantom (D:6)
  7 nameless horrors
  4 bullfrogs
  2 gnoll sergeants
  11 wights (D:8)
  An elephant simulacrum (Lair:5)
  5 killer bees
  A howler monkey (D:10)
  12 orc priests
  Jessica (D:2)
  14 orc wizards
  9 gnolls
  2 adders
  A white imp (D:6)
  An ufetubus (D:7)
  A dart slug (D:2)
  2 ribbon worms
  63 orcs
  A goblin (D:2)
  4 hobgoblins
  2 jackals
  3 quokkas
  3 ball pythons (D:1)
  4 bats (D:2)
  3 frilled lizards (D:2)
  8 kobolds
  2 rats (D:1)
  3 aspiring fleshes (Zot:1)
  448 ballistomycete spores
  A spectral weapon (Snake:3)
1487 creatures vanquished.

Vanquished Creatures (others)
  38 eldritch tentacles
  A thorn hunter (Swamp:4)
  An eleionoma (Swamp:4)
  A rakshasa (Depths:4)
  A hydra (Swamp:3)
  An alligator (Swamp:4)
  A naga sharpshooter (Snake:4)
  A hell knight (Depths:3)
  A goliath frog (Swamp:4)
  2 spriggan druids
  A swamp dragon (Swamp:4)
  A will-o-the-wisp (Swamp:3)
  A human (D:15)
  A basilisk (D:15)
  A swamp worm (Swamp:3)
  A swamp drake (Swamp:3)
  A nameless horror (Zot:5)
  35 ballistomycete spores
  A butterfly (D:5)
  10 foxfires
101 creatures vanquished.

Grand Total: 2261 creatures vanquished

Notes
Turn   | Place    | Note
-------+----------+-------------------------------------------
     0 | D:1      | ww7 the Hill Orc Summoner began the quest for the Orb.
     0 | D:1      | Reached XP level 1. HP: 14/14 MP: 3/3
     3 | D:1      | You fall into a shaft and drop 1 floor!
   365 | D:2      | Reached XP level 2. HP: 20/20 MP: 1/4
   438 | D:2      | HP: 1/20 [poisoned by an adder]
   602 | D:2      | Learned a level 2 spell: Call Imp
   653 | D:2      | Reached XP level 3. HP: 17/26 MP: 2/5
   782 | D:2      | Reached skill level 5 in Summonings
   871 | D:2      | Noticed Jessica
   885 | D:2      | Killed Jessica
   886 | D:2      | Reached XP level 4. HP: 6/33 MP: 2/6
  2176 | D:3      | Found a runed translucent door.
  2177 | D:3      | Noticed Crazy Yiuf
  2212 | D:3      | Killed Crazy Yiuf
  2213 | D:3      | Reached skill level 6 in Summonings
  2213 | D:3      | Reached XP level 5. HP: 38/38 MP: 2/7
  2870 | D:3      | Learned a level 4 spell: Summon Lightning Spire
  3495 | D:4      | Reached skill level 7 in Summonings
  3495 | D:4      | Reached XP level 6. HP: 41/45 MP: 8/8
  4138 | D:4      | Reached skill level 8 in Summonings
  4138 | D:4      | Reached XP level 7. HP: 37/50 MP: 9/9
  4200 | D:4      | Found a staircase to the Ecumenical Temple.
  4328 | Temple   | Entered the Ecumenical Temple
  4407 | D:5      | Entered Level 5 of the Dungeon
  4506 | D:5      | Found a basalt altar of Yredelemnul.
  4517 | D:5      | Found a shadowy altar of Dithmenos.
  4605 | D:5      | Found a white marble altar of Elyvilon.
  4657 | D:5      | Reached skill level 9 in Summonings
  4784 | D:5      | Found a sacrificial altar of Ru.
  4832 | D:5      | Found an iron altar of Okawaru.
  4891 | D:5      | Found a blossoming altar of Fedhas.
  4908 | D:5      | Noticed Eustachio
  4918 | D:5      | Killed Eustachio
  4919 | D:5      | Reached XP level 8. HP: 57/57 MP: 8/10
  5038 | D:5      | Reached skill level 1 in Fighting
  5038 | D:5      | Reached skill level 1 in Armour
  5038 | D:5      | Reached skill level 1 in Evocations
  5357 | D:5      | Found a radiant altar of Vehumet.
  5504 | D:5      | Reached skill level 1 in Air Magic
  5848 | D:6      | Reached skill level 1 in Polearms
  6100 | D:6      | Reached XP level 9. HP: 58/70 MP: 11/11
  6236 | D:6      | Found Gafesecs's Weapon Shoppe.
  6522 | D:6      | Found a sparkling altar of Nemelex Xobeh.
  6530 | D:6      | Found a hide-covered altar of Uskayaw.
  6532 | D:6      | Found a glowing golden altar of the Shining One.
  6533 | D:6      | Found an ornate altar of the Wu Jian Council.
  6539 | D:6      | Found a hazy altar of Hepliaklqana.
  6711 | D:5      | Became a worshipper of Fedhas Madash
  7080 | D:7      | Reached skill level 1 in Invocations
  7456 | D:8      | Reached * piety under Fedhas
  7528 | D:8      | Reached skill level 5 in Fighting
  7820 | D:8      | Reached skill level 5 in Armour
  8006 | D:8      | Reached XP level 10. HP: 81/81 MP: 4/12
  8139 | D:8      | Found a staircase to the Lair.
  8151 | D:8      | Reached skill level 1 in Shields
  8253 | D:8      | Found a snail-covered altar of Cheibriados.
  8270 | D:8      | Reached skill level 5 in Evocations
  8659 | D:8      | Found an opulent altar of Gozag.
  8884 | D:9      | Reached skill level 5 in Polearms
  8884 | D:9      | Reached skill level 5 in Invocations
  8888 | D:9      | Reached ** piety under Fedhas
  9209 | D:9      | Found a burning altar of Makhleb.
  9456 | D:9      | Reached skill level 5 in Air Magic
  9975 | D:9      | Reached XP level 11. HP: 82/86 MP: 5/15
 10080 | D:10     | Entered Level 10 of the Dungeon
 10093 | D:10     | Found a portal to a secret trove of treasure.
 10327 | D:10     | Reached skill level 5 in Shields
 10407 | D:10     | Found Zomiff's Weapon Shop.
 11098 | D:10     | Found a staircase to the Orcish Mines.
 11182 | D:10     | Found a roughly hewn altar of Beogh.
 11190 | D:10     | Reached *** piety under Fedhas
 11380 | Lair:1   | Entered Level 1 of the Lair of Beasts
 12704 | Lair:2   | Found a staircase to the Swamp.
 12840 | Lair:2   | Reached XP level 12. HP: 64/94 MP: 0/19
 13541 | Lair:2   | Noticed an eight-headed hydra
 13554 | Lair:2   | Killed an eight-headed hydra
 13647 | Lair:2   | Found a staircase to the Snake Pit.
 13657 | Lair:2   | Reached skill level 10 in Invocations
 13768 | Lair:2   | Noticed a six-headed hydra
 13806 | Lair:2   | Killed a six-headed hydra
 14307 | Lair:3   | Noticed a skyshark
 14313 | Lair:3   | Reached skill level 10 in Summonings
 14325 | Lair:3   | Killed a skyshark
 15029 | Lair:3   | Reached skill level 10 in Polearms
 15029 | Lair:3   | Reached XP level 13. HP: 100/100 MP: 10/21
 16193 | Lair:4   | Identified the +6 hand axe of Bile {flame, Dex+3}
 16481 | Lair:4   | Reached skill level 11 in Summonings
 16793 | Lair:4   | Found a viscous altar of Jiyva.
 16793 | Lair:4   | Found a staircase to the Slime Pits.
 16843 | Lair:5   | Entered Level 5 of the Lair of Beasts
 16869 | Lair:5   | Reached skill level 10 in Shields
 17007 | Lair:5   | Found a transporter.
 17012 | Lair:5   | Found a transporter.
 17013 | Lair:5   | Found a bloodstained altar of Trog.
 17013 | Lair:5   | Noticed login18's ghost (journeyman TrMo)
 17211 | Lair:5   | Reached XP level 14. HP: 80/107 MP: 16/23
 17456 | Lair:5   | Reached skill level 12 in Summonings
 17495 | Lair:5   | Noticed a dire elephant
 17495 | Lair:5   | Noticed a dire elephant
 18349 | Lair:5   | Killed a dire elephant
 18364 | Lair:5   | Killed a dire elephant
 18683 | Lair:5   | Learned a level 6 spell: Summon Cactus Giant
 19163 | Orc:1    | Entered Level 1 of the Orcish Mines
 19215 | Orc:1    | Found Iwuoppucw's Book Emporium.
 19281 | Orc:2    | Entered Level 2 of the Orcish Mines
 19488 | Orc:2    | Found a staircase to the Elven Halls.
 19857 | Orc:2    | Reached **** piety under Fedhas
 19898 | Orc:2    | Reached XP level 15. HP: 96/113 MP: 10/26
 20017 | Orc:2    | Found Hidghit's Antique Armour Shoppe.
 20017 | Orc:2    | Found Jal Quwkuul's Jewellery Shop.
 20019 | Orc:2    | Found Osyepp's Jewellery Boutique.
 20021 | Orc:2    | Found Burielya's Distillery.
 20040 | Orc:2    | Bought a potion of haste for 140 gold pieces
 20040 | Orc:2    | Bought a potion of resistance for 140 gold pieces
 20040 | Orc:2    | Bought a potion of might for 56 gold pieces
 20040 | Orc:2    | Bought a potion of enlightenment for 70 gold pieces
 20040 | Orc:2    | Bought a potion of brilliance for 56 gold pieces
 20040 | Orc:2    | Bought a potion of curing for 42 gold pieces
 20040 | Orc:2    | Bought a potion of brilliance for 56 gold pieces
 20063 | Orc:2    | Learned a level 4 spell: Martyr's Knell
 20893 | Orc:1    | Reached skill level 15 in Invocations
 21086 | Orc:1    | Reached skill level 1 in Necromancy
 21157 | Orc:1    | Reached skill level 13 in Summonings
 21272 | Orc:1    | Found a roughly hewn altar of Beogh.
 22261 | D:11     | Reached ***** piety under Fedhas
 23200 | D:12     | Found a runed translucent gate.
 23201 | D:12     | Found a runed translucent gate.
 23204 | D:12     | Found a runed translucent gate.
 23205 | D:12     | Noticed flinslave4's ghost (journeyman MiFi)
 23220 | D:12     | Killed flinslave4's ghost
 23255 | D:12     | Identified the ring "Haij" {rPois Int+3}
 24966 | D:13     | Found a gate to the Vaults.
 26367 | D:14     | Reached XP level 16. HP: 97/119 MP: 8/28
 27441 | D:15     | Entered Level 15 of the Dungeon
 27584 | D:15     | Found a radiant altar of Vehumet.
 27641 | D:15     | Found Fearal's Antique Armour Boutique.
 27722 | D:15     | Found Soevanum's General Store.
 27730 | D:15     | Bought a scroll of revelation for 142 gold pieces
 27840 | D:15     | Found Cafe's Antique Armour Shop.
 27860 | D:15     | Found a flickering gateway to a bazaar.
 27865 | Bazaar   | Entered a bazaar
 27871 | Bazaar   | Found Ajataof's Jewellery Boutique.
 27874 | Bazaar   | Found Gueneitis's Book Shoppe.
 27876 | Bazaar   | Found Jaleokli's General Store.
 27891 | Bazaar   | Found Ziodosch's Armour Emporium.
 27895 | Bazaar   | Found Defofez's Armour Boutique.
 27899 | Bazaar   | Bought the +2 hat of Parlour Games {SInv} for 277 gold
                  | pieces
 27926 | Bazaar   | Bought a +2 pair of boots for 247 gold pieces
 27944 | Bazaar   | Bought a potion of heal wounds for 75 gold pieces
 27944 | Bazaar   | Bought a scroll of enchant weapon for 112 gold pieces
 27944 | Bazaar   | Bought a potion of ambrosia for 120 gold pieces
 27950 | Bazaar   | Bought Tuecw's Dissertation on the Numb Congregation for
                  | 768 gold pieces
 28079 | D:15     | Reached skill level 14 in Summonings
 28088 | D:15     | Found a staircase to the Depths.
 28242 | D:15     | Found an ancient bone altar of Kikubaaqudgha.
 28284 | D:15     | Reached ****** piety under Fedhas
 28761 | D:15     | Noticed Kirke
 28775 | D:15     | Killed Kirke
 29435 | Snake:1  | Entered Level 1 of the Snake Pit
 29458 | Snake:1  | Noticed Azrael
 29463 | Snake:1  | Killed Azrael
 30017 | Snake:1  | Found an ornate altar of the Wu Jian Council.
 30840 | Snake:2  | Found Nokiapn's Assorted Antiques.
 30864 | Snake:2  | Learned a level 6 spell: Bombard
 31093 | Snake:2  | Reached skill level 1 in Earth Magic
 31099 | Snake:2  | Reached skill level 1 in Conjurations
 31740 | Snake:3  | Found Uniq's Armour Boutique.
 32526 | Snake:3  | Found Usean's Antique Weapon Boutique.
 32528 | Snake:3  | Found Ackiholy's Jewellery Shop.
 32530 | Snake:3  | Found Qaduucvo's Assorted Antiques.
 32542 | Snake:3  | Bought a scroll of amnesia for 128 gold pieces
 32542 | Snake:3  | Bought a scroll of identify for 64 gold pieces
 32581 | Snake:3  | Noticed Asterion
 32595 | Snake:3  | Killed Asterion
 32877 | Snake:3  | Reached XP level 17. HP: 74/126 MP: 15/29
 33336 | Snake:4  | Entered Level 4 of the Snake Pit
 33528 | Snake:4  | Reached skill level 15 in Summonings
 33870 | Snake:4  | Reached skill level 15 in Shields
 34103 | Snake:4  | Reached skill level 5 in Conjurations
 34103 | Snake:4  | Reached skill level 5 in Earth Magic
 34464 | Snake:4  | Got a serpentine rune of Zot
 34884 | Vaults:1 | Entered Level 1 of the Vaults
 34884 | Vaults:1 | Noticed Zenata
 34905 | Vaults:1 | Killed Zenata
 35327 | Vaults:1 | Learned a level 7 spell: Spellforged Servitor
 35683 | Vaults:1 | Reached XP level 18. HP: 133/133 MP: 21/31
 38210 | Vaults:2 | Paralysed by a sphinx for 3 turns
 38524 | Vaults:2 | Found Ciclu's Distillery.
 38532 | Vaults:2 | Bought 2 potions of haste for 420 gold pieces
 38945 | Vaults:2 | Reached skill level 16 in Summonings
 39612 | Vaults:2 | Found a roughly hewn altar of Beogh.
 39964 | Vaults:2 | Found a staircase to the Crypt.
 41047 | D:10     | You paid a toll of a +4 demon blade to enter a treasure
                  | trove
 41048 | Trove    | Entered a treasure trove
 41068 | Trove    | Identified the +3 buckler of the Marlin {^Contam rPois
                  | Regen+ Stlth+}
 41381 | Vaults:3 | Found a flickering gateway to a bazaar.
 41386 | Bazaar   | Entered a bazaar
 41390 | Bazaar   | Found Tyklihes's Jewellery Boutique.
 41409 | Bazaar   | Found Ceaviann's Jewellery Shoppe.
 41427 | Bazaar   | Found Lugraff's Magic Scroll Boutique.
 41432 | Bazaar   | Bought a scroll of teleportation for 51 gold pieces
 41432 | Bazaar   | Bought a scroll of revelation for 127 gold pieces
 41444 | Bazaar   | Found Torext's Antique Armour Emporium.
 41466 | Bazaar   | Bought the ring of Desertification {rF+ AC+4} for 700 gold
                  | pieces
 41486 | Bazaar   | Bought an amulet of reflection for 390 gold pieces
 41765 | Vaults:3 | Reached XP level 19. HP: 92/138 MP: 6/32
 41771 | Vaults:3 | Reached skill level 10 in Conjurations
 42313 | Vaults:3 | Found a huge runed translucent gate.
 42313 | Vaults:3 | Found a huge runed translucent gate.
 42313 | Vaults:3 | Found a huge runed translucent gate.
 42314 | Vaults:3 | Found a huge runed translucent gate.
 42314 | Vaults:3 | Found a huge runed translucent gate.
 42314 | Vaults:3 | Found a huge runed translucent gate.
 42314 | Vaults:3 | Found a huge runed translucent gate.
 42314 | Vaults:3 | Found a huge runed translucent gate.
 42315 | Vaults:3 | Found a huge runed translucent gate.
 42315 | Vaults:3 | Found a huge runed translucent gate.
 42315 | Vaults:3 | Found a huge runed translucent gate.
 42315 | Vaults:3 | Found a huge runed translucent gate.
 42315 | Vaults:3 | Found a huge runed translucent gate.
 42317 | Vaults:3 | Found a huge runed translucent gate.
 42318 | Vaults:3 | Found a huge runed translucent gate.
 42318 | Vaults:3 | Found a huge runed translucent gate.
 42318 | Vaults:3 | Found a huge runed translucent gate.
 42330 | Vaults:3 | Found a huge runed translucent gate.
 42331 | Vaults:3 | Found a huge runed translucent gate.
 42332 | Vaults:3 | Found a huge runed translucent gate.
 42332 | Vaults:3 | Found a huge runed translucent gate.
 42335 | Vaults:3 | Found a huge runed translucent gate.
 42336 | Vaults:3 | Found a huge runed translucent gate.
 42337 | Vaults:3 | Found a huge runed translucent gate.
 42338 | Vaults:3 | Found a huge runed translucent gate.
 42338 | Vaults:3 | Found a huge runed translucent gate.
 42343 | Vaults:3 | Found a huge runed translucent gate.
 42344 | Vaults:3 | Found a huge runed translucent gate.
 42344 | Vaults:3 | Found a huge runed translucent gate.
 42344 | Vaults:3 | Found a huge runed translucent gate.
 42344 | Vaults:3 | Found a huge runed translucent gate.
 42346 | Vaults:3 | Found a huge runed translucent gate.
 42347 | Vaults:3 | Found a huge runed translucent gate.
 42348 | Vaults:3 | Found a huge runed translucent gate.
 42348 | Vaults:3 | Found a huge runed translucent gate.
 42353 | Vaults:3 | Found a huge runed translucent gate.
 42363 | Vaults:3 | Paralysed by a sphinx for 2 turns
 42375 | Vaults:3 | Noticed a dread lich
 43017 | Vaults:3 | Reached skill level 17 in Summonings
 43525 | Vaults:4 | Noticed an ancient lich
 43537 | Vaults:4 | Killed an ancient lich
 45729 | Vaults:4 | Reached XP level 20. HP: 137/146 MP: 20/33
 46257 | Swamp:1  | Entered Level 1 of the Swamp
 46270 | Swamp:1  | Reached skill level 18 in Summonings
 46577 | Swamp:1  | Reached skill level 5 in Spellcasting
 47808 | Swamp:2  | Identified the +4 ring mail "Xoinae" {-Tele rCorr Str-5
                  | Int+8}
 49099 | Swamp:3  | Identified the +9 dagger of Tauc {heavy, Int+4}
 49577 | Swamp:4  | Entered Level 4 of the Swamp
 50406 | Swamp:4  | Noticed the 27-headed Lernaean hydra
 50413 | Swamp:4  | Killed the 27-headed Lernaean hydra
 50572 | Swamp:4  | Reached skill level 19 in Summonings
 50660 | Swamp:4  | Got a decaying rune of Zot
 51092 | Slime:1  | Entered Level 1 of the Pits of Slime
 51499 | Crypt:1  | Entered Level 1 of the Crypt
 51665 | Vaults:5 | Entered Level 5 of the Vaults
 51727 | Vaults:5 | Reached XP level 21. HP: 87/151 MP: 4/34
 51953 | Vaults:5 | Reached skill level 15 in Conjurations
 52052 | Vaults:5 | Learned a level 5 spell: Yara's Violent Unravelling
 52274 | Vaults:5 | Learned a level 2 spell: Blink
 52310 | Vaults:5 | Reached skill level 1 in Hexes
 52397 | Vaults:5 | Reached skill level 1 in Alchemy
 52516 | Vaults:5 | Reached skill level 1 in Translocations
 52600 | Vaults:5 | Noticed a dread lich
 52623 | Vaults:5 | Killed a dread lich
 52661 | Vaults:5 | Identified the +10 whip "Pynat" {flame, rCorr Int+8}
 53129 | Vaults:5 | Noticed a dread lich
 53346 | Vaults:5 | Identified the +4 rapier "Z" {freeze, rPois rC+}
 53529 | Vaults:5 | Noticed an ancient lich
 53543 | Vaults:5 | Killed an ancient lich
 53551 | Vaults:5 | Reached skill level 20 in Summonings
 53996 | Vaults:5 | Got the Thoughts on Ensorcelling
 54000 | Vaults:5 | Got a silver rune of Zot
 54081 | Vaults:5 | Killed a dread lich
 54445 | Vaults:5 | Identified the scarf "Tofut" {harm, rN+++ Will- Dex+2
                  | Stlth+}
 54492 | Vaults:5 | Identified the ring "Syad" {Wiz rElec rPois rN+}
 54631 | Vaults:5 | Reached XP level 22. HP: 158/158 MP: 23/35
 55063 | Vaults:5 | Identified the serpent talisman "Fixt" {rC+}
 55084 | Vaults:5 | Identified the +1 chain mail of Tomorrow {rC+ MP+9 Dex+2}
 55095 | Vaults:5 | Identified the +1 robe of the Bulwark {MP+9}
 55259 | Vaults:5 | Identified the +3 dagger of Accord {flame, rPois rC+ rN+
                  | Will-}
 55666 | Depths:1 | Entered Level 1 of the Depths
 55991 | Depths:1 | Reached skill level 5 in Hexes
 56092 | Depths:1 | Found a gateway to Hell.
 56331 | Depths:1 | Found Enubur's Magic Scroll Shop.
 56424 | Depths:1 | Bought a scroll of revelation for 120 gold pieces
 56424 | Depths:1 | Bought a scroll of enchant weapon for 120 gold pieces
 56424 | Depths:1 | Bought a scroll of enchant weapon for 120 gold pieces
 56424 | Depths:1 | Bought a scroll of revelation for 120 gold pieces
 56424 | Depths:1 | Bought a scroll of revelation for 120 gold pieces
 56426 | Depths:1 | Identified a scroll of acquirement
 56427 | Depths:1 | Acquired 975 gold pieces
 57018 | Depths:1 | Noticed a golden dragon
 57031 | Depths:1 | Killed a golden dragon
 57165 | Depths:2 | Found Birchycoco's Jewellery Boutique.
 57179 | Depths:2 | Bought the ring "Aschac" {rF++ EV+5} for 907 gold pieces
 57184 | Depths:2 | Found Goipoz's General Store.
 57185 | Depths:2 | You fall into a shaft and drop 2 floors!
 57185 | Depths:4 | Entered Level 4 of the Depths
 57185 | Depths:4 | Found a glowing golden altar of the Shining One.
 57209 | Depths:4 | Found a corrupted altar of Lugonu.
 57210 | Depths:4 | Found a one-way gate to the infinite horrors of the Abyss.
 57258 | Depths:4 | Learned a level 7 spell: Malign Gateway
 57535 | Depths:4 | Learned a level 8 spell: Summon Horrible Things
 57901 | Depths:4 | Reached skill level 5 in Alchemy
 58168 | Depths:4 | Reached skill level 5 in Translocations
 58600 | Depths:4 | Noticed a golden dragon
 58902 | Depths:4 | Noticed a golden dragon
 59068 | Depths:4 | Killed a golden dragon
 59485 | Depths:4 | Found a runed translucent door.
 59489 | Depths:4 | Found a runed translucent door.
 59506 | Depths:4 | Found a gate to the Realm of Zot.
 59573 | Depths:4 | Found a runed translucent door.
 59592 | Depths:4 | Found a runed translucent door.
 59612 | Depths:4 | Found a runed translucent door.
 59612 | Depths:4 | Found a runed translucent door.
 60171 | Depths:3 | Reached XP level 23. HP: 162/165 MP: 8/36
 60238 | Depths:3 | Learned a level 5 spell: Lee's Rapid Deconstruction
 60847 | Depths:2 | Bought a scroll of enchant armour for 180 gold pieces
 60847 | Depths:2 | Bought a potion of curing for 72 gold pieces
 60847 | Depths:2 | Bought a scroll of teleportation for 72 gold pieces
 60847 | Depths:2 | Bought a wand of light (3) for 302 gold pieces
 61398 | Depths:2 | Found a one-way gateway to a ziggurat.
 61751 | Depths:2 | Found Fesagh Bedic's Distillery.
 61764 | Depths:2 | Bought a potion of enlightenment for 65 gold pieces
 61764 | Depths:2 | Bought a potion of curing for 39 gold pieces
 61764 | Depths:2 | Bought a potion of curing for 39 gold pieces
 61845 | Depths:2 | Reached skill level 10 in Earth Magic
 62031 | Depths:2 | Reached skill level 21 in Summonings
 62167 | Depths:2 | Identified the +2 short sword of the Hidden Beds {drain,
                  | ^Contam Str+5}
 62208 | Depths:2 | Found Siarhy's Weapon Boutique.
 62245 | Depths:2 | Found Geosch's Book Boutique.
 62313 | Depths:2 | Found a one-way gate leading to the halls of Pandemonium.
 62856 | Depths:3 | Noticed a caustic shrike
 62914 | Depths:3 | Identified the ring of Onnem {Ice ^Contam rCorr MP+9 SInv}
 62914 | Depths:3 | Noticed Josephina
 62921 | Depths:3 | Killed Josephina
 63105 | Depths:3 | Acquired 775 gold pieces
 64190 | Depths:3 | Noticed a caustic shrike
 64198 | Depths:3 | Killed a caustic shrike
 64408 | Depths:3 | Killed a caustic shrike
 64491 | Depths:3 | Identified the +3 sling "Cinetac" {freeze, rElec rN++ rCorr
                  | SInv}
 64811 | Zot:1    | Entered Level 1 of the Realm of Zot
 65125 | Zot:1    | Noticed a golden dragon
 65132 | Zot:1    | Killed a golden dragon
 66364 | Zot:3    | Noticed a golden dragon
 66374 | Zot:3    | Reached XP level 24. HP: 144/165 MP: 18/36
 66983 | Zot:5    | Entered Level 5 of the Realm of Zot
 67413 | Zot:5    | Noticed an ancient lich
 67435 | Zot:5    | Killed an ancient lich
 67626 | Zot:5    | Noticed an orb of fire
 67637 | Zot:5    | Killed an orb of fire
 67818 | Zot:5    | Noticed a Killer Klown
 67820 | Zot:5    | Noticed an orb of fire
 67820 | Zot:5    | Killed an orb of fire
 67832 | Zot:5    | Noticed an ancient lich
 67833 | Zot:5    | Killed an ancient lich
 67834 | Zot:5    | Reached skill level 22 in Summonings
 67839 | Zot:5    | Killed a Killer Klown
 67910 | Zot:5    | Noticed an orb of fire
 67914 | Zot:5    | Gained mutation: You have supernaturally acute eyesight.
                  | (SInv) [an orb of fire]
 67920 | Zot:5    | Killed an orb of fire
 67928 | Zot:5    | Noticed a dread lich
 67931 | Zot:5    | Killed a dread lich
 68015 | Zot:5    | Noticed an ancient lich
 68033 | Zot:5    | Killed an ancient lich
 68206 | Zot:5    | Noticed an ancient lich
 68219 | Zot:5    | Killed an ancient lich
 68868 | Zot:5    | Noticed an orb of fire
 68874 | Zot:5    | Killed an orb of fire
 68875 | Zot:5    | Reached skill level 10 in Translocations
 68878 | Zot:5    | Noticed an ancient lich
 68891 | Zot:5    | Killed an ancient lich
 69020 | Zot:5    | Noticed an ancient lich
 69026 | Zot:5    | Killed an ancient lich
 69508 | Zot:5    | Reached XP level 25. HP: 175/177 MP: 27/37
 69703 | Zot:5    | Noticed a Killer Klown
 69719 | Zot:5    | Killed a Killer Klown
 69959 | Zot:5    | Got the Orb of Zot
 70021 | Zot:4    | Noticed Dinloun the pandemonium lord
 70187 | Depths:2 | Noticed Lewuizio the pandemonium lord
 70295 | Depths:1 | Noticed Ycue the pandemonium lord
 70667 | D:$      | Escaped with the Orb!

Illustrated notes

Levels and vault maps discovered:
D:1:      roderic_crossed_star, layout_loops_ring
D:2:      layout_loops_ring, uniq_jessica
D:3:      layout_basic, uniq_crazy_yiuf_cottage
D:4:      minmay_general_purpose_star, layout_basic,
          minmay_temple_entry_proselytizer
D:5:      layout_basic, nicolae_elyvilon_peaceful_grove, marbit_many_paths,
          okawaru_metal_pillars_1_2, fedhas_altar_4, nicolae_ru_awakened_eye,
          jmf_multi_god_temple2, uniq_eustachio
D:6:      layout_basic, nicolae_overflow_hallway_of_the_gods, serial_shops,
          nicolae_shop_stone, kennysheep_nub
D:7:      layout_rooms, lemuel_coloured_pillars_altar,
          hangedman_abyss_or_decor_passed, st_stairs_12, kennysheep_another_room
D:8:      layout_loops_ring, lemuel_round_altar, mainiacjoe_overflow_boulevard,
          david_lair_shrubbed, lightli_orcish_oven
D:9:      layout_basic, mainiacjoe_overflow_cross_hatched,
          minmay_misc_feat_nine_boxes
D:10:     kennysheep_spiral_hall, layout_rooms, minmay_orc_entry_temple_small,
          nicolae_trove_entry_isolated, serial_shops, shop
D:11:     hellmonk_destroyed_diamonds, layout_stronghold, roderic_roman_lattice
D:12:     layout_basic, gammafunk_ghost_necromancy, grunt_ministairs_14
D:13:     layout_loops_cross, erik_vaults_2, grunt_ministairs_11
D:14:     layout_roguey, serial_bayou, serial_bayou_crossing,
          serial_bayou_pond_c, serial_bayou_pond_b
D:15:     grunt_enter_depths_hoard, layout_long_grid, kiku_gazebo_pond_becter,
          serial_shops, freezing_bzr, shop, nicolae_shop_tiny_waterfront, shop,
          nicolae_hexahallways, vehumet_statue, uniq_kirke
Temple:   nicolae_temple_two_arcs
Lair:1:   layout_cave_pods
Lair:2:   layout_cave_pods, swamp_mist, guppyfry_snake_entry_garden,
          nicolae_lair_lil_pond
Lair:3:   beast_lair_carwin_large_4, layout_chaotic_city
Lair:4:   layout_regular_city, dpeg_slime_entry_enclosed, minmay_lindwurm_lava
Lair:5:   due_jungle_book, layout_long_grid, gammafunk_ghost_wrathful_warriors,
          dreamdust_mushroom_princess
Swamp:1:  layout_basic_swamp, serial_swamp_ruin, evilmike_swamp_ruin_house_1,
          evilmike_swamp_ruin_house_3
Swamp:2:  layout_basic_swamp, evilmike_swamp_ruin_house_4, swamp_pool_1_2,
          nicolae_swamp_necromancy_gone_wrong
Swamp:3:  layout_basic_swamp, infiniplex_staircase_pool, swamp_pool_5,
          nicolae_swamp_decorative_isthmus
Swamp:4:  swamp_old_school, layout_basic_swamp
Snake:1:  layout_onion, basic_altar, nrook_guardian_serpent_ordinary,
          uniq_azrael
Snake:2:  layout_rooms, serial_shops, shop
Snake:3:  layout_onion, serial_shops, shop,
          serial_library_regret_index_split_case, minmay_shop_star,
          uniq_asterion
Snake:4:  minmay_snake_end_coiled, layout_onion, grunt_megastairs_5
Slime:1:  layout_caves
Orc:1:    layout_caves, serial_shops, nicolae_shop_just_a_little_nook,
          lightli_church_of_beogh
Orc:2:    st_orc_rangers, layout_caves
Vaults:1: serial_library_hellmonk_open_square,
          nicolae_vaults_trapezoid_lopsided_1, ontoclasm_vaults_shuriken,
          vaults_mumra_minichess, nicolae_vaults_hallways_thing,
          nicolae_vaults_storage_closets_2, layout_vaults_omnigrid, uniq_zenata
Vaults:2: special_room_vaults [special_room_orc], minmay_crypt_entry_simple_box,
          nicolae_vaults_swerve, hangedman_vaults_stagger,
          nicolae_vaults_house_2, vaults_room_grid, v_alt_pattern_4,
          vaults_dpeg_diagonal, serial_ice_b, layout_vaults_omnicross,
          serial_shops, shop
Vaults:3: nicolae_vaults_yaktaur_gun_rack, v_alt_pattern_2, vaults_mumra_hex,
          nicolae_vaults_storage_room_water, v_rooms_4, v_misc_12,
          nicolae_vaults_trapezoid_2, door_vault,
          nicolae_vaults_storage_closets_1, vaults_dpeg_doors,
          serial_library_regret_index_small_wings, nicolae_vaults_tetromino_L_1,
          layout_vaults_ring, serial_shops, bzr_entry_road
Vaults:4: vaults_room_corners, nicolae_vaults_trapezoid_3,
          nicolae_vaults_closet_pinwheel_4, vaults_room_ringed_pool, v_rooms_3,
          dpeg_vaults_hating_casters, hangedman_vaults_capsules,
          vaults_room_large_hall, vaults_room_semicircle, ontoclasm_vaults_chip,
          nicolae_vaults_tetromino_Z_1, layout_vaults_omnibox
Vaults:5: serial_shops
Crypt:1:  layout_regular_city, minmay_misc_feat_ornament
Depths:1: layout_long_grid, hell_entry, glass_columns_b,
          nicolae_inconvenience_store, serial_sigils_hangedman_stare,
          minmay_crystal_water, nrook_campfire, hangedman_corner_corridor
Depths:2: nicolae_terramorphic_expanse [nicolae_terramorphic_quarter,
          nicolae_terramorphic_quarter, nicolae_terramorphic_quarter,
          nicolae_terramorphic_quarter, nicolae_terramorphic_quarter,
          nicolae_terramorphic_biome, nicolae_terramorphic_biome,
          nicolae_terramorphic_biome, nicolae_terramorphic_biome],
          layout_small_grid, enter_ziggurat_e, kennysheep_cross_room,
          hell_entry, rand_demon_pan_entry_4, serial_shops, shop_fountains,
          nicolae_shop_gibbet_a_chance, nicolae_shop_industrial_runoff, shop,
          nicolae_shop_bloodbath_and_beyond, grunt_decor_mini_mirrors,
          serial_bayou_lagoon_a
Depths:3: minmay_the_grid_triangle_9x9_recursive_3
          [minmay_the_grid_triangle_9x9_limited_checkers,
          minmay_the_grid_triangle_9x9_wacky_v,
          minmay_the_grid_triangle_9x9_swiss_cheese,
          minmay_the_grid_triangle_9x9_prize_schism,
          minmay_the_grid_triangle_9x9_thin_v,
          minmay_the_grid_triangle_9x9_longest,
          minmay_the_grid_triangle_9x9_semitri,
          minmay_the_grid_triangle_9x9_alien,
          minmay_the_grid_triangle_9x9_negative_grid], layout_honeycomb,
          hell_entry, nicolae_abyss_entry_one_way_or_another,
          infiniplex_staircase_zigzag_5, serial_bayou_shore_b, uniq_josephina
Depths:4: evilmike_zot_entry_castle, layout_gridlike, hellmouth_1,
          abyss_entry_flame_altar, serial_sigils_hangedman_clutch,
          nicolae_tso_swordbearing_angel
Zot:1:    layout_cathedral_of_symmetry
Zot:2:    layout_onion_interference, hangedman_zot_diagonal_lockstep
Zot:3:    layout_basic
Zot:4:    layout_onion, regret_index_zotdec_obsidian_hm,
          gammafunk_ghost_berserking_beasts
Zot:5:    layout_misc_corridors

Skill      XL: |  1  2  3  4  5  6  7  8  9 10 11 12 13 14 15 16 17 18 19 20 21 22 23 24 |
---------------+-------------------------------------------------------------------------+-----
Summonings     | 5 6 7 8 9 10 11 12 13 14 15 16 17 19 20 21 22 | 22.8
Fighting       | 3 5 |  5.0
Armour         | 3 5 6 |  6.0
Evocations     | 2 4 5 |  5.0
Air Magic      | 2 3 5 6 7 |  7.2
Polearms       | 1 4 6 8 10 11 12 13 14 | 14.0
Invocations    | 3 6 9 11 13 14 16 17 18 19 20 | 20.5
Shields        | 4 7 9 10 12 13 14 15 | 15.4
Spellcasting   | 2 4 6 7 8 9 |  9.0
Necromancy     | 4 |  4.9
Earth Magic    | 3 6 8 9 11 12 | 12.5
Conjurations   | 3 6 9 12 14 15 | 15.1
Hexes          | 4 7 9 |  9.2
Alchemy        | 3 6 |  6.0
Translocations | 3 6 8 10 | 10.8
Dodging        | |  1.5
Stealth        | |  1.5

Action                     |  1- 3 |  4- 6 |  7- 9 | 10-12 | 13-15 | 16-18 | 19-21 | 22-24 | 25-27 || total
---------------------------+-------+-------+-------+-------+-------+-------+-------+-------+-------++-------
  Melee: Club              |    47 |    88 |       |       |       |       |       |       |       ||   135
         Unarmed           |     8 |       |       |       |       |    15 |       |       |       ||    23
         Quarterstaff      |       |   102 |   173 |       |       |       |       |       |       ||   275
         Spear             |       |       |    16 |   345 |   503 |   550 |       |       |       ||  1414
         Punch             |       |       |       |     3 |       |       |       |       |       ||     3
         Demon trident     |       |       |       |       |       |     6 |   411 |     8 |       ||   425
         Whip              |       |       |       |       |       |       |       |    48 |     1 ||    49
  Throw: Dart              |       |       |       |       |       |       |       |     2 |       ||     2
   Cast: Summon Small Mamm |    15 |    10 |     8 |       |     1 |       |       |       |       ||    34
         Call Imp          |     6 |    34 |    35 |     5 |     2 |       |       |       |       ||    82
         Summon Lightning  |       |       |    18 |    76 |   108 |   107 |    23 |       |       ||   332
         Summon Cactus Gia |       |       |       |       |    54 |   150 |   112 |    17 |       ||   333
         Martyr's Knell    |       |       |       |       |    15 |    16 |       |       |       ||    31
         Spellforged Servi |       |       |       |       |       |       |   126 |   229 |    12 ||   367
         Yara's Violent Un |       |       |       |       |       |       |     3 |     8 |       ||    11
         Blink             |       |       |       |       |       |       |     1 |       |       ||     1
         Malign Gateway    |       |       |       |       |       |       |       |    38 |     1 ||    39
         Bombard           |       |       |       |       |       |       |       |    53 |     7 ||    60
         Summon Horrible T |       |       |       |       |       |       |       |    15 |     2 ||    17
         Lee's Rapid Decon |       |       |       |       |       |       |       |    23 |       ||    23
 Invoke: Wall of Briars    |       |       |       |     3 |     3 |     7 |     8 |     1 |       ||    22
         Grow Ballistomyce |       |       |       |     8 |    19 |    33 |    12 |     8 |       ||    80
         Grow Oklob        |       |       |       |       |       |       |     9 |     9 |       ||    18
         Overgrow          |       |       |       |       |       |       |       |     4 |       ||     4
  Evoke: Wand              |       |     9 |     4 |     8 |    15 |    16 |     7 |    18 |       ||    77
         Lightning rod     |       |       |       |       |    11 |    13 |    18 |    10 |       ||    52
         Phantom mirror    |       |       |       |       |     1 |       |       |     1 |       ||     2
         Condenser vane    |       |       |       |       |       |     1 |       |       |       ||     1
         Sack of spiders   |       |       |       |       |       |       |     1 |       |       ||     1
    Use: Potion            |     3 |       |       |       |     3 |     9 |    16 |     8 |       ||    39
         Scroll            |       |     4 |     1 |     7 |    16 |    18 |    14 |    20 |       ||    80
   Stab: Distracted        |     2 |     2 |       |    11 |     8 |    16 |    20 |       |       ||    59
         Paralysed         |       |       |    11 |     6 |     2 |     9 |     2 |     3 |       ||    33
         Confused          |       |       |       |     2 |     1 |     6 |     2 |       |       ||    11
         Sleeping          |       |       |       |     1 |       |       |     1 |       |       ||     2
         Invisible         |       |       |       |       |     1 |       |     2 |       |       ||     3
         Fleeing           |       |       |       |       |       |     1 |       |       |       ||     1
 Armour: Robe              |    48 |    61 |       |       |       |       |       |       |       ||   109
         Leather armour    |       |    12 |   107 |   143 |   108 |       |       |       |       ||   370
         Troll leather arm |       |       |       |       |    82 |   282 |   209 |    71 |       ||   644
         Skin              |       |       |       |       |       |     2 |       |       |       ||     2
         Ring mail         |       |       |       |       |       |       |       |    84 |     6 ||    90
  Dodge: Dodged            |    49 |   185 |   137 |   184 |   247 |   221 |    70 |    63 |     5 ||  1161
  Block: Buckler           |       |       |       |    48 |    61 |    88 |   136 |    74 |     8 ||   415
         Kite shield       |       |       |       |       |    76 |    51 |       |       |       ||   127
         Reflection        |       |       |       |       |       |     1 |    18 |     7 |       ||    26
